 Dungeon Crawl Stone Soup version 0.27-a0-1502-g47ed6a6988 (webtiles) character file.

Game seed: 5236941176255876575

442 Tocho the Ogre Mage (level 7, -3/63 HPs)
             Began as an Ogre Fire Elementalist on July 8, 2021.
             Was an Initiate of Vehumet.
             Slain by a hornet zombie (12 damage)
             ... on level 5 of the Dungeon.
             The game lasted 00:14:27 (6713 turns).

Tocho the Ogre Mage (Ogre Fire Elementalist)        Turns: 6713, Time: 00:14:27

Health: -3/63      AC:  3    Str: 13    XL:     7   Next: 2%
Magic:  0/14       EV: 10    Int: 18    God:    Vehumet [......]
Gold:   224        SH:  0    Dex:  9    Spells: 15/16 levels left

rFire    . . .     SeeInvis .   o - +3 halberd
rCold    . . .     Faith    .   (shield currently unavailable)
rNeg     . . .     Spirit   .   a - +0 robe
rPois    .         Reflect  .   (helmet restricted)
rElec    .         Harm     .   (no cloak)
rCorr    .         Rampage  .   (gloves unavailable)
Will     .....                  (boots unavailable)
Stlth    ++........             (no amulet)
HPRegen  0.20/turn              m - ring of wizardry
MPRegen  0.14/turn              (no ring)

@: no status effects
A: large, unfitting armour, tough skin 1
a: Renounce Religion


You were on level 5 of the Dungeon.
You worshipped Vehumet.
Vehumet was noncommittal.
You visited 1 branch of the dungeon, and saw 5 of its levels.

You collected 224 gold pieces.

Inventory:

Hand Weapons
 o - a +3 halberd (weapon)
Missiles
 c - 32 poisoned darts
 h - 8 curare-tipped darts
Armour
 a - a +0 robe (worn)
Magical Staves
 t - a staff of conjuration
Jewellery
 d - a ring of see invisible
 f - a ring of ice
 m - a ring of wizardry (left hand)
 q - a ring of positive energy
 r - a +6 ring of strength
Scrolls
 e - a scroll of brand weapon {unknown}
 g - a scroll of noise {unknown}
 j - a scroll of immolation {unknown}
 k - a scroll of silence {unknown}
 n - a scroll of identify {unknown}
 p - a scroll of enchant armour {unknown}
 s - a scroll of fear {unknown}
Potions
 b - 3 potions of curing {unknown}
 i - a potion of flight {unknown}
 l - a potion of brilliance {unknown}


   Skills:
 + Level 1.8 Fighting
 + Level 0.9 Polearms
 + Level 2.5 Dodging
 + Level 2.1 Stealth
 + Level 0.6 Unarmed Combat
 + Level 5.0 Spellcasting
 + Level 2.7 Conjurations
 + Level 3.8 Fire Magic


You had 15 spell levels left.
You knew the following spells:

 Your Spells              Type           Power      Damage    Failure   Level
a - Foxfire               Conj/Fire      64%        2x1d7     1%          1

Your spell library contained the following spells:

 Spells                   Type           Power      Damage    Failure   Level
 Conjure Flame            Conj/Fire      16%        6-21      4%          3
 Inner Flame              Hex/Fire       11%        N/A       8%          3
 Sublimation of Blood     Necr           2%         N/A       9%          2
 Wereblood                Tmut           4%         N/A       9%          2
 Sticky Flame             Conj/Fire      16%        2d4       14%         4
 Call Canine Familiar     Summ           4%         N/A       16%         3
 Portal Projectile        Hex/Tloc       8%         N/A       16%         3
 Fireball                 Conj/Fire      8%         3d6       34%         5
 Leda's Liquefaction      Hex/Erth       2%         N/A       45%         4
 Summon Hydra             Summ           2%         N/A       100%        7


Dungeon Overview and Level Annotations

Branches:
Dungeon (5/15)
 Temple: D:4-7

Altars:
Cheibriados
Elyvilon
Vehumet

Annotations:
D:3 2 transporters, R007833r's ghost, amateur HOMo
D:5 Dowan


Innate Abilities, Weirdness & Mutations

You are too large for most types of armour.
You have tough skin. (AC +1)


Message History

You kill the orc!
Vehumet accepts your kill.
An adder comes into view.
Casting: Foxfire (safe; 1% risk of failure)
Press: ? - help, Q - select action, (/) - cycle Dir - look around, f - activate You conjure some foxfire!
The foxfire hits the orc but does no damage.
The orc is lightly wounded.
The foxfire hits the adder.
The adder is heavily wounded.
Casting: Foxfire (safe; 1% risk of failure)
Press: ? - help, Q - select action, (/) - cycle Dir - look around, f - activate You conjure some foxfire!
Your foxfire dissipates!
The foxfire hits the orc but does no damage. x2
The orc drinks a potion.
The orc seems to grow stronger.
Casting: Foxfire (safe; 1% risk of failure)
Press: ? - help, Q - select action, (/) - cycle Dir - look around, f - activate You conjure some foxfire!
The foxfire hits the hornet zombie.
The hornet zombie is lightly damaged.
The foxfire hits the orc.
The orc is heavily wounded.
The foxfire hits the orc.
You kill the orc!
Vehumet accepts your kill.
Casting: Foxfire (safe; 1% risk of failure)
Press: ? - help, Q - select action, (/) - cycle Dir - look around, f - activate You conjure some foxfire!
The foxfire hits the hornet zombie.
The hornet zombie is lightly damaged.
The hornet zombie hits you!
* * * LOW HITPOINT WARNING * * *
Dowan, Brother of Duvessa comes into view.
He is wielding a +0 dagger.
Your foxfire dissipates!
The foxfire hits the hornet zombie but does no damage.
The hornet zombie is lightly damaged.
The hornet zombie hits you but does no damage.
The hornet zombie hits you!
You die...

####...##........... .
#..# #..............
#. ..##..............
... #.#.....<<.......
....##................
.........##...........
.........##...........
..........#§........#.
......[...§@..........
..........§.Z###......
.........##S....).....
#####...§§.........
#.........!>$e.
#..............
..........#.....
#.........##.....
..>..!...$. .....


You could see Dowan, an adder and a hornet zombie.

Vanquished Creatures
  A phantom (D:4)
  A scorpion (D:4)
  A howler monkey (D:5)
  A gnoll shaman (D:4)
  A hound (D:5)
  8 gnolls
  4 adders
  An adder skeleton (D:4)
  A worm (D:3)
  2 dart slugs (D:2)
  8 orcs
  7 endoplasms
  5 giant cockroaches
  5 goblins
  5 hobgoblins
  14 jackals
  3 quokkas
  4 ball pythons
  4 bats
  3 frilled lizards
  6 kobolds
  3 rats
88 creatures vanquished.

Vanquished Creatures (collateral kills)
  A foxfire (D:1)
1 creature vanquished.

Vanquished Creatures (others)
  438 foxfires
438 creatures vanquished.

Grand Total: 527 creatures vanquished

Notes
Turn   | Place    | Note
-------+----------+-------------------------------------------
     0 | D:1      | Tocho the Ogre Fire Elementalist began the quest for the
                  | Orb.
     0 | D:1      | Reached XP level 1. HP: 16/16 MP: 3/3
   525 | D:1      | Reached XP level 2. HP: 24/24 MP: 0/5
  1061 | D:1      | Reached skill level 1 in Conjurations
  1399 | D:1      | Found a faded altar of an unknown god.
  1814 | D:2      | Reached XP level 3. HP: 32/32 MP: 1/7
  1881 | D:2      | Reached skill level 3 in Spellcasting
  2402 | D:2      | Reached skill level 1 in Fighting
  2880 | D:2      | Reached XP level 4. HP: 41/41 MP: 3/8
  3705 | D:3      | Found a white marble altar of Elyvilon.
  3782 | D:3      | Reached XP level 5. HP: 39/48 MP: 1/10
  3866 | D:3      | Found a transporter.
  3866 | D:3      | Noticed R007833r's ghost (amateur HOMo)
  4405 | D:3      | Found a snail-covered altar of Cheibriados.
  4645 | D:3      | Found a transporter.
  5193 | D:4      | Reached skill level 4 in Spellcasting
  5857 | D:4      | Reached XP level 6. HP: 55/55 MP: 8/12
  6437 | D:4      | Found a radiant altar of Vehumet.
  6460 | D:4      | Became a worshipper of Vehumet
  6663 | D:5      | Entered Level 5 of the Dungeon
  6699 | D:5      | Reached skill level 5 in Spellcasting
  6702 | D:5      | Reached XP level 7. HP: 14/63 MP: 6/14
  6712 | D:5      | Noticed Dowan
  6713 | D:5      | Slain by a hornet zombie

Illustrated notes

Levels and vault maps discovered:
D:1:      denvon_arrival_planthouse, layout_loops_ring,
          chequers_ecumenical_altar_island, kennysheep_minor_cross
D:2:      layout_basic
D:3:      layout_loops_corners, cheibrodos_worm_habitat, elyvilon_altar_3,
          gammafunk_ghost_mausoleum
D:4:      layout_loops_ring, nicolae_vehumet_altar_sigil
D:5:      layout_cave_pools, kennysheep_little_box, uniq_prince_ribbit1,
          uniq_duvessa

Skill      XL: |  1  2  3  4  5  6 |
---------------+-------------------+-----
Fire Magic     | 3 |  3.8
Conjurations   | 1 2 |  2.7
Spellcasting   | 3 4 5 |  5.0
Fighting       | 1 |  1.8
Dodging        | 2 |  2.5
Stealth        | 2 |  2.1
Polearms       | |  0.9
Unarmed Combat | |  0.6

Action                   |  1- 3 |  4- 6 |  7- 9 || total
-------------------------+-------+-------+-------++-------
Melee: Unarmed           |    44 |    83 |       ||   127
       Halberd           |       |    27 |       ||    27
 Cast: Foxfire           |   124 |   144 |     7 ||   275
 Stab: Sleeping          |     1 |       |       ||     1
Armor: Robe              |    32 |    62 |     1 ||    95
Dodge: Dodged            |    48 |    78 |       ||   126

Table legend: (Time is in decaauts)
 A = Elapsed time spent in this place.
 B = Non-inter-level travel time spent in this place.
 C = Inter-level travel time spent in this place.
 D = Time resting spent in this place.
 E = Time spent auto-exploring this place.
 F = Levels seen in this place.
 G = Mean time per level.
                   A        B        C        D        E       F      G
               +--------+--------+--------+--------+--------+-----+--------+
         Total |   6751 |   6529 |    222 |    439 |   5253 |   5 | 1350.2 |
       Dungeon |   6751 |   6529 |    222 |    439 |   5253 |   5 | 1350.2 |
               +--------+--------+--------+--------+--------+-----+--------+

Top non-repeatable levels by time:
     D:1: 1957 daAuts
     D:3: 1808 daAuts
     D:2: 1550 daAuts
     D:4: 1380 daAuts
     D:5: 55 daAuts
